 Dungeon Crawl Stone Soup version 0.31-a0-1612-g4aaf141004 (webtiles) character file.

Game seed: 16098312925564411585

190 Newt the Trooper (level 5, 0/63 HPs)
             Began as a Demonspawn Gladiator on Jan 9, 2024.
             Succumbed to an adder's poison
             ... on level 2 of the Dungeon.
             The game lasted 00:02:37 (2106 turns).

Newt the Trooper (Demonspawn Gladiator)             Turns: 2106, Time: 00:02:37

Health: 0/63       AC: 22    Str: 16 (17) XL:     5   Next: 41%
Magic:  5/5        EV:  2    Int:  5 (8)  God:
Gold:   118        SH:  0    Dex: 13 (14) Spells: 4/4 levels left

rFire   . . .        a - +0 rapier
rCold   . . .        (no shield)
rNeg    . . .        b - melded +0 leather armour
rPois   +            c - melded +0 helmet
rElec   .            (cloak currently unavailable)
rCorr   +            (gloves currently unavailable)
SInv    .            (boots currently unavailable)
Will    .....        (no amulet)
Stlth   ++           g - ring of resist corrosion
HPRegen 0.30/turn    (no ring)
MPRegen 0.09/turn

%: no passive effects
@: lethally poisoned (0 -> -9), tree-form, attractive
A: stationary, stasis, torment immunity, boosted hp, (claws 1), demonic guardian
1
a: no special abilities


You were on level 2 of the Dungeon.
You were a tree.
You visited 1 branch of the dungeon, and saw 4 of its levels.

You collected 118 gold pieces.

Inventory:

Hand Weapons
 a - a +0 rapier (weapon)
Missiles
 d - a throwing net (quivered)
Armour
 b - a +0 leather armour (melded)
 c - a +0 helmet (melded)
Jewellery
 g - a ring of resist corrosion (left branch)
Scrolls
 e - a scroll of immolation {unknown}
 h - a scroll of noise
 i - a scroll of silence
 m - a scroll of teleportation {unknown}
 n - a scroll of revelation {unknown}
Potions
 f - a potion of resistance


   Skills:
 - Level 4.0 Fighting
 + Level 3.5 Short Blades
 - Level 1.7 Throwing
 - Level 2.6 Dodging
 - Level 3.0 Stealth


You had 4 spell levels left.
You didn't know any spells.
Your spell library contained the following spells:

 Spells                   Type           Power      Damage    Failure   Level
 Ensorcelled Hibernation  Hex/Ice        0%         N/A       63%         2
 Inner Flame              Hex/Fire       0%         N/A       85%         3
 Passwall                 Erth           0%         N/A       85%         3
 Summon Ice Beast         Ice/Summ       0%         N/A       85%         3
 Swiftness                Air            0%         N/A       85%         3
 Flame Wave               Conj/Fire      0%         2d4       99%         4
 Sticky Flame             Fire/Alch      0%         2d4       99%         4
 Summon Mana Viper        Hex/Summ       0%         N/A       100%        5
 Monstrous Menagerie      Summ           0%         N/A       100%        7


Dungeon Overview and Level Annotations

Branches:
Dungeon (4/15)
 Temple: D:4-7

Altars:


Innate Abilities, Weirdness & Mutations

You are a tree.
Your roots penetrate the ground, keeping you stationary.
You cannot be teleported.
You are immune to unholy pain and torment.
Your maximum health is greatly increased.
Your equipment is partially melded.
((You have sharp fingernails.))
A weak demonic guardian rushes to your aid.


Message History

You barely miss the adder.
You feel sick. The adder barely misses you.
The adder bites you but does no damage.
You barely miss the adder.
You feel sick.
The adder bites you but does no damage. x2; The adder barely misses you.
You barely miss the adder.
You feel sick. The adder bites you.
You are more poisoned.
The adder poisons you! The adder closely misses you. The adder bites you.
You are more poisoned.
The adder poisons you!
You hit the adder.
The adder is moderately wounded.
You feel very sick.
The adder bites you but does no damage. x2
You hit the adder.
The adder is almost dead.
* * * LOW HITPOINT WARNING * * *
You feel very sick. The adder bites you.
* * * LOW HITPOINT WARNING * * *
You are more poisoned.
The adder poisons you! The adder closely misses you. The adder misses you.
It was a potion of attraction.
You feel attractive to monsters.
* * * LOW HITPOINT WARNING * * *
You feel very sick. The adder bites you.
* * * LOW HITPOINT WARNING * * *
A demonic guardian appears!
The adder misses you. The adder bites you.
* * * LOW HITPOINT WARNING * * *
It was a potion of lignification.
You turn into a tree.
Your +0 helmet melds into your body.
Your +0 leather armour melds into your body.
Your roots penetrate the ground.
* * * LOW HITPOINT WARNING * * *
You feel very sick.
The adder bites you but does no damage. x2; Your shadow imp misses the adder.
It was a potion of degeneration.
There was something very wrong with that liquid.
You feel weakened.
You feel dopey.
You feel clumsy.
You die...

######## ###......#
#...####.#
#.....##.#
#..##.##.#
##S..#.##.#
#♣...#.##.#
#.S#...##.#
#.5#..###.########
#.................
###...^.....####....
#.....#.##### #....
#.(...#.#### #....
#.....#....#####....
#.....####..........


You could see 2 adders and a friendly shadow imp (summoned).

Vanquished Creatures
  An ogre (D:4)
  An adder (D:2)
  A ribbon worm (D:3)
  2 ball pythons
  6 bats
  7 endoplasms
  2 giant cockroaches (D:1)
  A goblin (D:1)
  A hobgoblin (D:1)
  A kobold (D:2)
  3 quokkas
  2 frilled lizards
  6 rats
34 creatures vanquished.

Vanquished Creatures (collateral kills)
  A scorpion (D:2)
  A ribbon worm (D:2)
  A hobgoblin (D:2)
  A kobold (D:2)
4 creatures vanquished.

Grand Total: 38 creatures vanquished

Notes
Turn   | Place    | Note
-------+----------+-------------------------------------------
     0 | D:1      | Newt the Demonspawn Gladiator began the quest for the Orb.
     0 | D:1      | Reached XP level 1. HP: 16/16 MP: 1/1
   388 | D:1      | Gained mutation: A weak demonic guardian rushes to your
                  | aid. [demonic ancestry]
   388 | D:1      | Reached XP level 2. HP: 20/23 MP: 2/2
   467 | D:1      | Reached skill level 3 in Fighting
  1083 | D:2      | Noticed a scorpion
  1093 | D:2      | Killed a scorpion
  1094 | D:2      | Reached skill level 4 in Fighting
  1094 | D:2      | Reached skill level 1 in Stealth
  1094 | D:2      | Gained mutation: You have sharp fingernails. [demonic
                  | ancestry]
  1094 | D:2      | Reached XP level 3. HP: 17/30 MP: 3/3
  1094 | D:2      | Reached XP level 4. HP: 22/37 MP: 4/4
  1308 | D:2      | You fall into a shaft and drop 2 floors!
  1311 | D:4      | Noticed an ogre
  1316 | D:4      | Noticed a black bear
  1326 | D:4      | Killed an ogre
  1327 | D:4      | Reached XP level 5. HP: 23/42 MP: 5/5
  2105 | D:2      | HP: 1/63 [poisoned by an adder]
  2106 | D:2      | Succumbed to an adder's poison

Illustrated notes

Levels and vault maps discovered:
D:1:      eino_arrival_druids_welcome, layout_loops_corners
D:2:      layout_basic
D:3:      layout_rooms, mainiacjoe_overflow_alcove_3,
          mainiacjoe_overflow_catwalk
D:4:      minmay_diamond_boxcup, layout_basic, marbit_many_paths,
          lemuel_round_altar, serial_shops, nicolae_shop_rolled_up,
          nicolae_figureground_sparkle

Skill      XL: |  1  2  3  4 |
---------------+-------------+-----
Fighting       | 4 |  4.0
Stealth        | 1 3 |  3.0
Short Blades   | 3 |  3.5
Throwing       | |  1.7
Dodging        | |  2.6

Action                     |  1- 3 |  4- 6 || total
---------------------------+-------+-------++-------
  Melee: Rapier            |    79 |    75 ||   154
         Punch             |     1 |       ||     1
  Throw: Throwing net      |       |     2 ||     2
         Javelin           |       |     1 ||     1
    Use: Scroll            |     2 |       ||     2
         Potion            |     1 |     3 ||     4
   Stab: Held in net/web   |       |     1 ||     1
         Sleeping          |       |     1 ||     1
 Armour: Leather armour    |    45 |    61 ||   106
         Skin              |       |     2 ||     2
  Dodge: Dodged            |    49 |    50 ||    99

Table legend: (Time is in decaauts)
 A = Elapsed time spent in this place.
 B = Non-inter-level travel time spent in this place.
 C = Inter-level travel time spent in this place.
 D = Time resting spent in this place.
 E = Time spent auto-exploring this place.
 F = Levels seen in this place.
 G = Mean time per level.
                   A        B        C        D        E       F      G
               +--------+--------+--------+--------+--------+-----+--------+
         Total |   2113 |   2037 |     76 |    319 |   1349 |   4 |  528.2 |
       Dungeon |   2113 |   2037 |     76 |    319 |   1349 |   4 |  528.2 |
               +--------+--------+--------+--------+--------+-----+--------+

Top non-repeatable levels by time:
     D:1: 987 daAuts
     D:2: 940 daAuts
     D:3: 161 daAuts
     D:4: 24 daAuts
